Map: Triton LE

Players

Harstem

  • Race: Protoss Protoss
  • Spawn Location: 11:00

INnoVation - Winner!

  • Race: Terran Terran
  • Spawn Location: 5:00

Event: NationWars 2019

VOD

Have the link to the VOD?

Description

Time

  • Played on: Nov. 12, 2019, 2:51 p.m.
  • Length: 9:40

All games in this series

Show
View Real Time Build Order
Export as new Build Order

Harstem Protoss 

Build Orders: 1 Gate Expand, Colossus Rush 

Get SALT Encoding   

  12  0:00  Probe  
  13  0:12  Probe  
  14  0:17  Pylon  
  14  0:24  Probe (Chrono Boost)  
  15  0:36  Gateway  
  15  0:37  Probe (Chrono Boost)  
  16  0:44  Probe (Chrono Boost)  
  16  0:46  Assimilator  
  17  0:51  Probe  
  18  1:03  Probe  
  19  1:15  Probe  
  20  1:22  Nexus  
  20  1:31  Cybernetics Core  
  20  1:34  Probe  
  21  1:40  Assimilator  
  21  1:46  Probe  
  22  1:51  Pylon  
  22  1:58  Probe  
  23  2:06  Adept (Chrono Boost)  
  23  2:11  Probe  
  23  2:12  Warp Gate  
  26  2:19  Robotics Facility  
  26  2:23  Probe  
  27  2:31  Stalker  
  27  2:35  Probe x2 (Chrono Boost)  
  33  2:45  Probe x2 (Chrono Boost)  
  33  2:50  Probe x2 (Chrono Boost)  
  35  3:01  Probe  
  35  3:02  Probe  
  37  3:06  Gateway  
  37  3:07  Observer (Chrono Boost)  
  37  3:11  Gateway  
  38  3:13  Probe  
  38  3:14  Probe, Sentry  
  42  3:25  Probe  
  42  3:26  Probe  
  44  3:28  Observer (Chrono Boost)  
  45  3:34  Assimilator  
  45  3:35  Pylon  
  45  3:36  Assimilator  
  45  3:37  Probe  
  45  3:39  Pylon  
  46  3:48  Nexus  
  46  3:53  Probe x2, Observer  
  49  4:05  Probe x2  
  49  4:07  Stalker x2  
  55  4:12  Stalker  
  57  4:17  Probe x2  
  57  4:22  Pylon  
  59  4:28  Robotics Bay  
  59  4:29  Probe, Forge  
  60  4:35  Stalker  
  62  4:41  Probe  
  62  4:42  Probe  
  62  4:43  Pylon  
  64  4:52  Stalker x2  
  68  4:53  Probe  
  68  4:54  Probe  
  68  4:58  Pylon  
  70  5:02  Protoss Ground Weapons Level 1 (Chrono Boost)  
  70  5:14  Colossus (Chrono Boost)  
  70  5:17  Probe (Chrono Boost)  
  70  5:22  Probe (Chrono Boost)  
  70  5:24  Probe (Chrono Boost)  
  70  5:27  Probe (Chrono Boost)  
  71  5:29  Extended Thermal Lance  
  71  5:30  Probe (Chrono Boost), Zealot  
  71  5:32  Probe (Chrono Boost)  
  71  5:33  Probe (Chrono Boost)  
  76  5:35  Probe  
  76  5:40  Photon Cannon, Shield Battery  
  78  5:46  Sentry  
  82  5:55  Colossus (Chrono Boost)  
  85  5:57  Photon Cannon  
  85  5:58  Probe  
  85  5:59  Probe  
  85  6:02  Sentry  
  90  6:04  Probe  
  90  6:07  Pylon  
  90  6:10  Probe  
  90  6:11  Probe  
  92  6:15  Stalker  
  92  6:16  Twilight Council  
  94  6:21  Stalker  
  94  6:25  Probe  
  97  6:26  Stalker  
  97  6:30  Probe  
  100  6:42  Zealot  
  100  6:43  Pylon  
  100  6:45  Zealot, Shield Battery  
  105  6:50  Pylon, Probe x2  
  107  6:56  Pylon  
  107  6:57  Assimilator  
  107  6:58  Blink (Chrono Boost)  
  107  6:59  Colossus (Chrono Boost), Assimilator  
  112  7:01  Probe  
  112  7:02  Probe  
  112  7:06  Stalker  
  116  7:17  Probe  
  113  7:23  Stalker x2  
  113  7:25  Probe  
  113  7:26  Probe  
  113  7:29  Probe  
  120  7:35  Gateway  
  120  7:37  Probe, Gateway  
  120  7:38  Probe  
  120  7:41  Probe  
  120  7:43  Pylon  
  123  7:47  Photon Cannon  
  123  7:48  Warp Prism (Chrono Boost)  
  125  7:52  Stalker  
  125  7:58  Gateway  
  127  7:59  Probe  
  127  8:00  Pylon  
  127  8:01  Pylon  
  127  8:09  Stalker x2  
  131  8:16  Pylon  
  131  8:26  Disruptor (Chrono Boost)  
  131  8:27  Stalker  
  131  8:29  Probe  
  137  8:34  Templar Archives  
  137  8:37  Pylon  
  137  8:39  Zealot  
  137  8:42  Stalker x3  
  137  8:47  Nexus  
  143  8:54  Stalker x2  
  145  9:07  Pylon  
  96  9:27  Stalker x4  
Show
View Real Time Build Order
Export as new Build Order

INnoVation Terran - Winner!

Build Orders: Reaper Expand 

Get SALT Encoding   

  12  0:00  SCV  
  13  0:13  SCV  
  14  0:17  Supply Depot  
  14  0:25  SCV  
  15  0:38  SCV  
  15  0:40  Barracks  
  16  0:43  Refinery  
  16  0:50  SCV  
  17  1:03  SCV  
  18  1:15  SCV  
  19  1:27  Orbital Command, Reaper  
  20  1:41  Command Center  
  20  1:53  SCV, Supply Depot  
  21  1:59  Marine  
  22  2:05  SCV  
  23  2:09  Factory  
  23  2:14  Refinery  
  23  2:17  SCV  
  23  2:20  Barracks Reactor  
  24  2:29  SCV  
  25  2:41  SCV  
  26  2:53  SCV, Orbital Command, Widow Mine, Starport  
  26  2:57  Marine x2  
  31  3:05  SCV  
  32  3:14  Widow Mine  
  32  3:15  Marine x2  
  32  3:18  SCV  
  37  3:20  SCV  
  38  3:29  Medivac  
  38  3:30  SCV  
  38  3:31  Barracks  
  38  3:32  SCV  
  38  3:33  Supply Depot  
  42  3:35  Marine  
  42  3:36  Marine  
  42  3:40  Widow Mine  
  46  3:48  Supply Depot  
  46  3:52  Barracks  
  46  3:55  SCV x2  
  48  3:56  Marine x2  
  48  4:01  Factory Tech Lab  
  50  4:03  Starport Tech Lab  
  50  4:07  SCV x2  
  52  4:14  Marine x2  
  52  4:16  Engineering Bay  
  52  4:18  Supply Depot  
  52  4:22  SCV x2  
  54  4:25  Refinery  
  54  4:26  Stimpack  
  54  4:31  Starport Reactor  
  54  4:33  Factory Reactor  
  54  4:34  SCV x2  
  54  4:36  Marine x2  
  58  4:43  Terran Infantry Weapons Level 1  
  58  4:46  SCV x2  
  58  4:50  Supply Depot  
  58  4:52  Combat Shield, Marauder x2  
  64  4:59  SCV x2, Refinery  
  66  5:02  Marine x2  
  68  5:11  SCV x2  
  68  5:14  Supply Depot  
  68  5:15  Widow Mine x2  
  68  5:17  Medivac  
  68  5:20  Bunker  
  72  5:22  Marine x2  
  72  5:25  Medivac  
  76  5:29  Marauder  
  78  5:36  Marauder  
  78  5:37  Supply Depot  
  78  5:39  Supply Depot  
  78  5:40  Widow Mine  
  78  5:42  Widow Mine  
  84  5:44  Marine x2  
  86  5:59  SCV x2, Medivac x2, Supply Depot  
  86  6:02  Widow Mine  
  86  6:03  Widow Mine  
  96  6:05  Supply Depot  
  96  6:09  Marauder, Concussive Shells  
  98  6:12  Marauder  
  98  6:14  Marine  
  98  6:15  Marine  
  102  6:23  Supply Depot  
  102  6:26  Widow Mine x2  
  106  6:35  Medivac  
  106  6:37  Terran Infantry Armor Level 1  
  106  6:42  Medivac  
  106  6:43  Command Center  
  108  6:56  Marauder  
  108  6:58  Barracks  
  108  7:00  Barracks, Marine  
  108  7:01  Marine  
  112  7:02  Marauder  
  112  7:03  SCV x2  
  110  7:16  SCV x2  
  110  7:21  Marauder, Marine x2  
  103  7:23  Marauder  
  103  7:26  Viking x2  
  103  7:28  SCV x2  
  111  7:31  Supply Depot  
  111  7:40  SCV x2  
  113  7:48  Marine  
  113  7:49  Marauder x2, Marine, Barracks Tech Lab  
  119  7:52  SCV x2  
  119  7:56  Armory, Orbital Command  
  119  7:58  Engineering Bay  
  121  8:04  Viking x2  
  125  8:06  SCV  
  125  8:14  Marauder x3  
  125  8:17  SCV  
  125  8:18  SCV  
  127  8:29  SCV x2  
  127  8:30  Ghost Academy  
  127  8:31  SCV  
  127  8:32  Refinery x2  
  130  8:35  Marauder x3  
  130  8:36  Marine x3  
  130  8:37  Marine  
  130  8:38  Supply Depot  
  140  8:45  Viking x2  
  142  8:58  Marauder x3  
  142  9:02  Marine x4  
  136  9:19  Marine x2  
  136  9:20  Marine x2  
Tags
 
Add a new tag
Caveats
  • Supply blocks, unpowered buildings, or Contaminate may cause inaccurate times.
  • Supply counts are checked every 10 seconds.